 Dungeon Crawl Stone Soup version 0.31-a0-859-g9dce7d3444 (webtiles) character file.

Game seed: 14011521293790771727

333 BinkBink the Chopper (level 6, -4/56 HPs)
             Began as a Minotaur Monk on Oct 10, 2023.
             Killed from afar by an orc wizard (9 damage)
             ... with a magic dart
             ... on level 5 of the Dungeon.
             The game lasted 00:03:42 (3496 turns).

BinkBink the Chopper (Minotaur Monk)                Turns: 3496, Time: 00:03:43

Health: -4/56      AC:  2    Str: 17    XL:     6   Next: 27%
Magic:  5/5        EV: 13    Int:  7    God:
Gold:   156        SH:  0    Dex: 13    Spells: 5/5 levels left

rFire   . . .        a - +0 hand axe
rCold   . . .        d - orb {light}
rNeg    . . .        b - +0 robe
rPois   .            (helmet currently unavailable)
rElec   .            (cloak currently unavailable)
rCorr   .            (gloves currently unavailable)
SInv    .            (boots currently unavailable)
Will    .....        (no amulet)
Stlth   +            (no ring)
HPRegen 0.29/turn    (no ring)
MPRegen 0.09/turn

%: no passive effects
@: beast-form, glowing
A: beast (slay +0), horns 2, retaliatory headbutt
a: Begin Untransformation


You were on level 5 of the Dungeon.
You were a hulking beast.
You visited 1 branch of the dungeon, and saw 5 of its levels.

You collected 156 gold pieces.

Inventory:

Hand Weapons
 a - a +0 hand axe (weapon)
Armour
 b - a +0 robe (worn)
 d - an orb of light (worn)
 p - a +0 plate armour
Jewellery
 o - an amulet of guardian spirit
Talismans
 m - a beast talisman (active)
Wands
 u - a wand of flame (14)
Scrolls
 e - 3 scrolls of identify {unknown}
 f - 3 scrolls of teleportation {unknown}
 g - 3 scrolls of silence {unknown}
 h - a scroll of fear {unknown}
 j - a scroll of poison {unknown}
 l - a scroll of vulnerability {unknown}
 t - a scroll of summoning {unknown}
 v - a scroll of blinking {unknown}
 x - a scroll of enchant armour {unknown}
Potions
 c - a potion of ambrosia
 i - a potion of curing {unknown}
 k - 2 potions of heal wounds {unknown}
 n - a potion of brilliance {unknown}
 q - a potion of invisibility {unknown}
 r - a potion of berserk rage {unknown}
 s - a potion of degeneration {unknown}
 w - a potion of lignification {unknown}


   Skills:
 + Level 5.5 Fighting
 * Level 6.9 Axes
 + Level 2.5 Armour
 - Level 3.2 Dodging


You had 5 spell levels left.
You didn't know any spells.
Your spell library contained the following spells:

 Spells                   Type           Power      Damage    Failure   Level
 Hailstorm                Conj/Ice       0%         3d3       80%         3
 Inner Flame              Hex/Fire       0%         N/A       80%         3
 Summon Ice Beast         Ice/Summ       0%         N/A       99%         4
 Yara's Violent Unravell  Hex/Tmut       0%         3d3       100%        5
 Simulacrum               Ice/Necr       0%         N/A       100%        6
 Enfeeble                 Hex            0%         N/A       100%        7


Dungeon Overview and Level Annotations

Branches:
Dungeon (5/15)
 Temple: D:4-7

Altars:

Shops:
D:1 :


Innate Abilities, Weirdness & Mutations

You are a hulking beast.
Your limbs bulge with bestial killing power. (Slay +0)
You have a pair of horns on your head.
You reflexively headbutt those who attack you in melee.


Message History

An orc wizard comes into view. It is wielding a +0 dagger.
The orc wizard shouts!
The orc wizard casts a spell at you. You resist with some effort.
An orc wizard is nearby! 2 orcs come into view.
The orc shouts! x2
An ogre comes into view. It is wielding a +0 giant club.
The orc barely misses you. You furiously retaliate!
You headbutt the orc!
You kill the orc!
The orc wizard hits you but does no damage.
You hit the orc wizard.
The orc wizard is lightly wounded.
You hit the orc but do no damage. The orc misses you. You furiously retaliate!
You headbutt the orc.
The orc wizard hits you but does no damage.
You hit the orc but do no damage.
The orc is heavily wounded.
You hit the orc wizard. The orc wizard casts a spell at you.
The magic dart hits you! The orc hits you with a +0 war axe!
You hit the orc.
You kill the orc!
You hit the orc wizard. You hit the ogre. The ogre barely misses you.
The orc wizard completely misses you. You furiously retaliate!
You headbutt the orc wizard.
You hit the orc wizard but do no damage.
You headbutt the orc wizard, but do no damage.
The orc wizard is heavily wounded.
You hit the ogre. The orc wizard misses you. You furiously retaliate!
You headbutt the orc wizard. You closely miss the orc wizard.
The orc wizard is almost dead.
You hit the ogre.
The ogre hits you with a +0 giant club!!
Ouch! That really hurt!
* * * LOW HITPOINT WARNING * * *
The orc wizard gestures at you while chanting.
The magic dart hits you!
You die...

#.........##
#..........#
##..........#
#...........#
#...........#
##..........#
#.....)oO..#
#......h.# ##
#######..#####
.##
##.........#
..##
##..######...
...# ##..## .
...# ###..##
...## ###..###
##..###...##
#...##>.##


You could see an ogre and an orc wizard.

Vanquished Creatures
  A phantom (D:4)
  A scorpion (D:4)
  An iguana (D:4)
  An orc wizard (D:5)
  7 adders
  3 worms
  A dart slug (D:1)
  6 orcs
  9 endoplasms
  3 giant cockroaches
  5 goblins
  7 hobgoblins
  2 jackals (D:1)
  4 quokkas
  8 ball pythons
  4 bats
  3 frilled lizards
  7 kobolds
  3 rats
76 creatures vanquished.

Notes
Turn   | Place    | Note
-------+----------+-------------------------------------------
     0 | D:1      | BinkBink the Minotaur Monk began the quest for the Orb.
     0 | D:1      | Reached XP level 1. HP: 19/19 MP: 0/0
    57 | D:1      | Reached skill level 4 in Axes
   113 | D:1      | Reached XP level 2. HP: 24/27 MP: 1/1
   161 | D:1      | Found Nothaus's Book Emporium.
   734 | D:2      | Reached XP level 3. HP: 33/33 MP: 2/2
   762 | D:2      | You fall into a shaft and drop 2 floors!
   991 | D:3      | Reached skill level 5 in Axes
  1281 | D:2      | Reached XP level 4. HP: 39/41 MP: 3/3
  2337 | D:3      | Reached skill level 1 in Armour
  2979 | D:4      | Noticed a phantom
  2995 | D:4      | Killed a phantom
  2996 | D:4      | Reached skill level 5 in Fighting
  2996 | D:4      | Reached skill level 6 in Axes
  2996 | D:4      | Reached XP level 5. HP: 28/48 MP: 4/4
  3109 | D:4      | Identified the +0 robe of the Orange Skies {rF++ rC-}
  3114 | D:4      | Reached XP level 6. HP: 56/56 MP: 5/5
  3390 | D:5      | Entered Level 5 of the Dungeon
  3496 | D:5      | Killed from afar by an orc wizard

Illustrated notes

Levels and vault maps discovered:
D:1:      minmay_arrival_four_houses, layout_loops_cross, serial_shops, shop
D:2:      layout_loops_ring, st_stairs_13, minmay_fountain_box,
          minmay_pentomino_pile
D:3:      layout_loops_corners
D:4:      layout_basic
D:5:      layout_cave_pods, minmay_temple_entry_from_below_a,
          nicolae_shop_clearance

Skill      XL: |  1  2  3  4  5 |
---------------+----------------+-----
Axes           | 4 5 6 |  6.9
Fighting       | 4 5 |  5.5
Armour         | 1 2 |  2.5
Dodging        | |  3.2

Action                     |  1- 3 |  4- 6 || total
---------------------------+-------+-------++-------
  Melee: Hand axe          |    75 |    89 ||   164
         Headbutt          |    11 |    19 ||    30
 Armour: Robe              |    36 |    44 ||    80
  Dodge: Dodged            |    47 |    42 ||    89
   Form: Beast             |       |     1 ||     1

Table legend: (Time is in decaauts)
 A = Elapsed time spent in this place.
 B = Non-inter-level travel time spent in this place.
 C = Inter-level travel time spent in this place.
 D = Time resting spent in this place.
 E = Time spent auto-exploring this place.
 F = Levels seen in this place.
 G = Mean time per level.
                   A        B        C        D        E       F      G
               +--------+--------+--------+--------+--------+-----+--------+
         Total |   3502 |   3302 |    200 |      0 |   2745 |   5 |  700.4 |
       Dungeon |   3502 |   3302 |    200 |      0 |   2745 |   5 |  700.4 |
               +--------+--------+--------+--------+--------+-----+--------+

Top non-repeatable levels by time:
     D:3: 1036 daAuts
     D:2: 831 daAuts
     D:4: 829 daAuts
     D:1: 699 daAuts
     D:5: 104 daAuts
